 Dungeon Crawl Stone Soup version 0.19.1-1-g22dce08 (webtiles) character file.

119 UnluckyKarma the Stinger (level 4, -2/34 HPs)
             Began as a Draconian Venom Mage on Jan 10, 2017.
             Was an Initiate of Ru.
             Slain by an orc
             ... wielding a +0 flail
              (3 damage)
             ... on level 3 of the Dungeon.
             The game lasted 00:06:56 (2548 turns).

UnluckyKarma the Stinger (Draconian Venom Mage)     Turns: 2548, Time: 00:06:57

Health: -2/34      AC:  7    Str: 11    XL:     4   Next: 73%
Magic:  7/7        EV: 13    Int: 16    God:    Ru [......]
Gold:   70         SH:  0    Dex: 11    Spells: 2 memorised, 3 levels left

rFire  . . .     SeeInvis .     e - +3 short sword (holy)
rCold  . . .     Gourm    .     (armour unavailable)
rNeg   . . .     Faith    .     (no shield)
rPois  .         Spirit   .     (helmet restricted)
rElec  .         Reflect  .     c - +1 cloak
rCorr  .         Harm     .     (no gloves)
MR     .....                    (no boots)
Stlth  ++........               (no amulet)
                                (no ring)
                                (no ring)

@: lethally poisoned (-2 -> -4)
A: unfitting armour, cold-blooded, AC +5
a: Renounce Religion


You were on level 3 of the Dungeon.
You worshipped Ru.
Ru was noncommittal.
You were not hungry.

You visited 1 branch of the dungeon, and saw 3 of its levels.

You collected 70 gold pieces.

Inventory:

Hand Weapons
 e - a +3 short sword of holy wrath (weapon)
Armour
 c - a +1 cloak (worn)
Scrolls
 d - a scroll of remove curse
 h - a scroll of identify {unknown}
Books
 a - a Young Poisoner's Handbook

   Spells                             Type                      Level
   a - Sting                          Conjuration/Poison           1
   b - Mephitic Cloud                 Conjuration/Poison/Air       3
   c - Olgreb's Toxic Radiance        Poison                       4
   d - Alistair's Intoxication        Transmutation/Poison         5
   e - Venom Bolt                     Conjuration/Poison           5
Comestibles
 b - 5 fruits
 f - a meat ration
 g - a bread ration


   Skills:
 + Level 0.9 Fighting
 + Level 1.0 Short Blades
 + Level 2.8 Dodging
 + Level 2.1 Stealth
 + Level 2.4 Spellcasting
 + Level 0.6 Conjurations
 + Level 4.7 Poison Magic


You had 3 spell levels left.
You knew the following spells:

 Your Spells              Type           Power        Failure   Level  Hunger
a - Sting                 Conj/Pois      ##..         10%         1    #......
b - Mephitic Cloud        Conj/Pois/Air  #.......     34%         3    ###....


Dungeon Overview and Level Annotations

Branches:
Dungeon (3/15)

Altars:
Ru


Innate Abilities, Weirdness & Mutations

Your plain brown scales are hard. (AC +5)
You cannot fit into any form of body armour.
You are cold-blooded and may be slowed by cold attacks.


Message History

* * * LOW HITPOINT WARNING * * *
You are lethally poisoned!
The adder poisons you!
You hit the adder.
Your tail-slap misses the adder.
The adder is heavily wounded.
* * * LOW HITPOINT WARNING * * *
You feel sick. The adder closely misses you. The orc misses you.
You barely miss the adder.
The adder is heavily wounded.
The adder bites you but does no damage. The orc hits you but does no damage.
The adder closely misses you.
You closely miss the adder.
The adder is heavily wounded.
The adder bites you but does no damage. The orc hits you with a flail.
* * * LOW HITPOINT WARNING * * *
You hit the adder.
You kill the adder!
* * * LOW HITPOINT WARNING * * *
You feel sick. The orc hits you with a flail.
You die...

.. .... ....... ## .......
.# #. .#..... ... #. .....
...###. ... .. ....#..#.#
##.# #....#@.# ....
.#....o).#.....
.....#.†.#.....
.#..........._.
.........#.....
.........#...... #..#..# #
..#.........# ....[ #.....#
.
#.......##..####.####.#....
#..####.................#


You could see an orc.

Vanquished Creatures
  Terence (D:2)
  3 adders
  A worm (D:1)
  4 leopard geckos (D:1)
  3 orcs (D:3)
  A ball python (D:3)
  8 bats
  A giant cockroach (D:3)
  5 goblins
  5 hobgoblins
  8 jackals
  5 kobolds
  2 frilled lizards
  8 rats
55 creatures vanquished.

Notes
Turn   | Place    | Note
-------+----------+-------------------------------------------
     0 | D:1      | UnluckyKarma the Draconian Venom Mage began the quest for the Orb.
     0 | D:1      | Reached XP level 1. HP: 14/14 MP: 3/3
   322 | D:1      | Reached XP level 2. HP: 8/20 MP: 0/5
  1388 | D:1      | HP: 1/20 [kobold/short sword of protection (2)]
  1720 | D:1      | Reached XP level 3. HP: 26/26 MP: 6/6
  1901 | D:2      | Learned a level 3 spell: Mephitic Cloud
  1941 | D:2      | Found a sacrificial altar of Ru.
  1952 | D:2      | Became a worshipper of Ru the Awakened
  2184 | D:2      | Noticed Terence
  2241 | D:2      | Killed Terence
  2241 | D:2      | Reached XP level 4. HP: 29/34 MP: 7/7
  2400 | D:3      | Reached skill level 1 in Short Blades
  2484 | D:3      | Found a sacrificial altar of Ru.
  2548 | D:3      | HP: 1/34 [poisoned by an adder]
  2548 | D:3      | Slain by an orc

Skill      XL: |  1  2  3  4 |
---------------+-------------+-----
Dodging        | 2 |  2.8
Stealth        | 2 |  2.1
Short Blades   | 1 |  1.0
Fighting       | |  0.9
Spellcasting   | |  2.4
Conjurations   | |  0.6
Poison Magic   | |  4.7

Action                   |  1- 3 |  4- 6 || total
-------------------------+-------+-------++-------
Melee: Unarmed           |    13 |       ||    13
       Tailslap          |     9 |     2 ||    11
       Club              |    51 |       ||    51
       Short sword       |    61 |    63 ||   124
 Cast: Sting             |    34 |       ||    34
  Use: Scroll            |     4 |       ||     4
       Potion            |     3 |       ||     3
 Stab: Sleeping          |     3 |     1 ||     4
  Eat: Bread ration      |     2 |       ||     2
Armor: Skin              |    71 |    58 ||   129
Dodge: Dodged            |   113 |   113 ||   226
